 Dungeon Crawl Stone Soup version 0.21.1-1-g345015f (webtiles) character file.

15 Casualgrain11 the Ducker (level 2, 0/24 HPs)
             Began as a Ghoul Gladiator on June 6, 2018.
             Slain by Sigmund
             ... wielding a +1 antimagic scythe
              (10 damage)
             ... on level 2 of the Dungeon.
             The game lasted 00:05:20 (973 turns).

Casualgrain11 the Ducker (Ghoul Gladiator)           Turns: 973, Time: 00:05:21

Health: 0/24       AC:  4    Str: 17    XL:     2   Next: 50%
Magic:  0/1        EV: 12    Int:  3    God:
Gold:   50         SH:  0    Dex: 10    Spells: 1/1 levels left

rFire    . . .     SeeInvis .   a - +1 long sword
rCold    + . .     Gourm    .   (no shield)
rNeg     + + +     Faith    .   b - +0 leather armour
rPois    ∞         Spirit   .   c - +0 helmet
rElec    .         Reflect  .   (no cloak)
rCorr    .         Harm     .   (no gloves)
MR       .....                  (no boots)
Stlth    ..........             (no amulet)
HPRegen  0.00/turn              (no ring)
MPRegen  0.07/turn              (no ring)

@: confused, rotting
A: rotting body, claws 1, carnivore, cold resistance 1, negative energy
resistance 3, inhibited regeneration, torment resistance, unbreathing
a: no special abilities


You were on level 2 of the Dungeon.
You were not hungry.

You visited 1 branch of the dungeon, and saw 2 of its levels.

You collected 50 gold pieces.

Inventory:

Hand Weapons
 a - a +1 long sword (weapon)
Missiles
 d - 2 throwing nets (quivered)
 i - 45 stones
 j - 15 arrows
 k - 15 bolts
Armour
 b - a +0 leather armour (worn)
 c - a +0 helmet (worn)
Jewellery
 g - an uncursed amulet of the gourmand {unknown}
 n - an uncursed ring of protection from cold {unknown}
Scrolls
 m - a scroll of identify {unknown}
Potions
 e - a potion of cancellation {unknown}
 h - a potion of flight {unknown}
Comestibles
 f - 2 rations


   Skills:
 + Level 2.2 Fighting
 * Level 3.0 Long Blades
 + Level 1.9 Throwing
 + Level 3.0 Dodging


You had one spell level left.
You didn't know any spells.

Dungeon Overview and Level Annotations

Branches:
Dungeon (2/15)

Altars:

Annotations:
D:2 Sigmund


Innate Abilities, Weirdness & Mutations

Your body is rotting away.
You thrive on raw meat.
You are immune to poison.
You have sharp fingernails.
You are carnivorous and can eat meat at any time.
Your flesh is cold resistant. (rC+)
You are immune to negative energy. (rN+++)
You do not regenerate when monsters are visible.
You are immune to unholy pain and torment.
You can survive without breathing.


Message History

You hear some strange, mumbled words.
You are confused.
Found 20 stones.
You slash the ooze!
The ooze is heavily wounded.
The ooze closely misses you.
You hear some strange, mumbled words.
You are more confused.
Something hits you but does no damage. The adder bites you but does no damage.
You see here a scroll labeled ZAWEOCE XYGI.
You bump into the rock wall.
The adder bites you. Something hits you!
You feel your power leaking away.
You bump into the rock wall.
The adder bites you.
There isn't anything to butcher here.
You eat the chunk of flesh.
This raw flesh tastes great!
The adder barely misses you. Something hits you. The adder bites you.
You slash the adder!
The adder is severely wounded.
The adder barely misses you. Something hits you!
You die...

########
#......#########
#......#.......#
#......#.......##
#......#........
#......#.......#
#......#.(....J#
#......# #S#
#......######@#
#÷............#
#......########
###<#### ###


You could see an ooze and an adder.

Vanquished Creatures
  A dart slug (D:1)
  A leopard gecko (D:2)
  A bat (D:1)
  3 goblins (D:1)
  A hobgoblin (D:1)
  2 kobolds (D:1)
  2 rats (D:1)
11 creatures vanquished.

Notes
Turn   | Place    | Note
-------+----------+-------------------------------------------
     0 | D:1      | Casualgrain11 the Ghoul Gladiator began the quest for the Orb.
     0 | D:1      | Reached XP level 1. HP: 17/17 MP: 0/0
   275 | D:1      | Reached XP level 2. HP: 22/23 MP: 1/1
   963 | D:2      | Noticed Sigmund
   973 | D:2      | Slain by Sigmund

Skill      XL: |  1  2 |
---------------+-------+-----
Dodging        | 3 |  3.0
Long Blades    | 3 |  3.0
Fighting       | |  2.2
Throwing       | |  1.9

Action                   || total
-------------------------++-------
Melee: Long sword        ||    26
Throw: Throwing net      ||     3
  Use: Scroll            ||     3
  Eat: Chunk             ||     3
Armor: Leather armour    ||    10
Dodge: Dodged            ||    17
       Rpst.: Long sword ||     3
